Map: Ever Dream LE

Players

Silky

  • Race: Zerg Zerg
  • Spawn Location: 1:00

Nina - Winner!

  • Race: Protoss Protoss
  • League: Grandmaster
  • Spawn Location: 7:00

Event: DreamHack SC2 Masters 2020 Summer North America

VOD

Have the link to the VOD?

Description

Time

  • Played on: July 9, 2020, 3:33 p.m.
  • Length: 14:20

All games in this series

Show
View Real Time Build Order
Export as new Build Order

Silky Zerg 

Build Orders: Hatch First 

Get SALT Encoding   

  12  0:00  Drone  
  13  0:12  Overlord  
  13  0:16  Drone  
  14  0:30  Drone x2  
  16  0:47  Hatchery  
  15  0:51  Drone  
  15  0:55  Drone  
  17  0:57  Drone  
  18  1:09  Extractor  
  17  1:13  Spawning Pool  
  17  1:16  Drone  
  17  1:20  Drone  
  18  1:27  Drone  
  19  1:38  Drone  
  20  1:48  Overlord  
  20  2:00  Drone, Queen x2  
  20  2:01  Zergling x2  
  26  2:10  Drone x2  
  28  2:20  Drone  
  28  2:21  Drone  
  30  2:31  Hatchery  
  30  2:32  Drone x2  
  31  2:37  Pneumatized Carapace  
  31  2:42  Overlord  
  31  2:44  Zergling x2  
  32  2:49  Queen  
  34  2:53  Drone  
  34  2:54  Drone  
  36  3:03  Drone  
  36  3:04  Drone  
  38  3:08  Drone x2, Overlord  
  40  3:15  Drone  
  40  3:16  Drone x2  
  42  3:22  Metabolic Boost  
  42  3:24  Drone x2  
  44  3:30  Spore Crawler  
  44  3:31  Drone  
  44  3:33  Queen  
  46  3:37  Spore Crawler  
  46  3:38  Drone  
  46  3:41  Drone  
  46  3:44  Queen  
  46  3:47  Zergling x4  
  51  3:55  Spore Crawler  
  50  3:56  Drone x2  
  50  3:58  Drone  
  50  4:00  Drone, Spore Crawler  
  50  4:02  Drone  
  55  4:06  Drone x2  
  56  4:13  Overlord  
  56  4:14  Drone x2  
  58  4:19  Overlord  
  57  4:26  Lair  
  57  4:30  Roach Warren  
  57  4:31  Drone x3, Extractor  
  57  4:32  Drone x2, Extractor  
  57  4:33  Zergling x2  
  57  4:36  Drone  
  57  4:38  Drone  
  62  4:41  Drone  
  62  4:45  Drone x3  
  66  4:49  Zergling x2  
  66  4:51  Drone  
  66  4:52  Drone x2  
  68  5:00  Drone  
  68  5:01  Drone x4  
  68  5:02  Drone  
  68  5:07  Queen  
  72  5:09  Extractor  
  72  5:12  Roach  
  73  5:15  Overlord  
  73  5:20  Overlord  
  69  5:21  Roach x2  
  69  5:28  Overlord x5  
  73  5:34  Roach x4  
  81  5:42  Roach x3  
  89  5:43  Roach  
  84  5:52  Roach x3  
  84  5:56  Roach x2  
  94  6:03  Roach, Zergling x10  
  101  6:06  Zergling x2  
  101  6:13  Ravager  
  101  6:14  Ravager x4  
  101  6:15  Overlord  
  101  6:16  Zergling x4  
  108  6:19  Zergling x2  
  108  6:22  Overlord  
  109  6:26  Ravager, Zergling x2  
  109  6:28  Queen  
  109  6:29  Zergling x2  
  109  6:31  Ravager  
  115  6:41  Zergling x6  
  113  7:05  Roach x8, Zergling x2  
  128  7:15  Zergling x4  
  100  7:30  Zergling x10  
  100  7:33  Zergling x2  
  98  7:41  Zergling x4  
  88  7:49  Overseer  
  88  7:50  Drone x2  
  86  7:52  Drone x2  
  86  7:55  Drone  
  86  7:57  Drone x2  
  89  7:58  Evolution Chamber, Glial Reconstitution  
  89  7:59  Hatchery, Baneling Nest  
  89  8:00  Drone  
  89  8:02  Ravager  
  89  8:03  Ravager x7, Zergling x2  
  89  8:04  Zergling x2  
  89  8:05  Queen  
  97  8:11  Overlord  
  99  8:14  Overlord  
  99  8:15  Overlord  
  99  8:17  Overseer  
  99  8:21  Overlord  
  99  8:23  Extractor  
  99  8:24  Zerg Melee Weapons Level 1  
  99  8:26  Overlord  
  98  8:28  Overlord  
  98  8:29  Zergling x8  
  98  8:31  Drone  
  103  8:35  Drone x2  
  103  8:39  Queen  
  103  8:41  Queen  
  107  8:45  Drone  
  107  8:46  Centrifical Hooks, Drone x2  
  109  8:53  Drone x6  
  115  8:56  Drone  
  115  9:00  Drone  
  115  9:01  Extractor, Spire  
  115  9:04  Drone  
  115  9:08  Drone  
  115  9:09  Drone  
  118  9:12  Drone x2  
  118  9:13  Overlord  
  118  9:14  Drone  
  118  9:15  Queen  
  123  9:19  Drone x4  
  123  9:20  Drone  
  123  9:22  Drone  
  123  9:24  Evolution Chamber, Drone  
  128  9:25  Drone x3  
  131  9:37  Overlord  
  131  9:38  Hatchery, Drone  
  130  9:39  Roach x2  
  130  9:43  Roach  
  130  9:44  Unknown, Roach x3  
  141  9:48  Spore Crawler x2  
  141  9:51  Drone x2  
  141  9:52  Drone  
  138  9:54  Overlord  
  138  9:58  Drone x5  
  144  10:02  Baneling x7  
  144  10:04  Baneling x4  
  144  10:06  Zergling x4  
  146  10:12  Zerg Missile Weapons Level 1  
  146  10:13  Zergling x4  
  146  10:14  Zergling x6  
  151  10:21  Overlord  
  151  10:22  Zerg Melee Weapons Level 2  
  151  10:27  Corruptor x3  
  155  10:30  Corruptor  
  155  10:34  Corruptor  
  159  10:39  Corruptor  
  159  10:42  Corruptor  
  163  10:44  Corruptor  
  163  10:49  Drone x3  
  166  10:51  Corruptor  
  166  10:53  Corruptor  
  166  10:55  Corruptor  
  171  11:02  Overlord  
  173  11:05  Baneling x2  
  173  11:06  Baneling x2  
  173  11:10  Roach x2, Zergling x2  
  173  11:11  Roach, Zergling x8  
  183  11:13  Baneling x3  
  183  11:14  Baneling  
  183  11:16  Baneling x11  
  182  11:19  Overlord  
  182  11:22  Overlord  
  179  11:29  Zergling x2  
  179  11:30  Zergling x18  
  177  11:35  Roach x3, Zergling x6  
  177  11:37  Overlord  
  175  11:41  Ravager  
  171  11:47  Zergling x16  
  171  11:51  Infestation Pit  
  177  11:57  Zergling x10  
  170  12:02  Ravager  
  170  12:03  Ravager x9  
  173  12:08  Zergling x6  
  173  12:09  Zergling x4  
  166  12:18  Zergling x20  
  159  12:26  Zergling x4  
  159  12:27  Zergling x4  
  158  12:30  Hive  
  158  12:34  Zergling x14  
  165  12:41  Baneling  
  165  12:42  Baneling x24  
  165  12:44  Drone  
  165  12:45  Drone x2  
  165  12:46  Drone  
  165  12:48  Zergling x4  
  171  12:54  Hatchery, Zergling x8  
  171  12:55  Zergling x6  
  177  13:04  Zergling x10  
  175  13:08  Queen  
  175  13:09  Drone x2  
  179  13:13  Baneling x16  
  179  13:18  Zergling x10  
  179  13:19  Zergling x2  
  185  13:24  Overlord x2  
  185  13:25  Overlord  
  185  13:28  Overlord x2  
  185  13:34  Zergling x8  
  158  13:42  Zergling x14  
  158  13:50  Roach x3  
  158  13:52  Roach, Zergling x2  
  150  13:59  Zergling x2  
  150  14:01  Baneling x22  
  150  14:02  Zergling x4  
Show
View Real Time Build Order
Export as new Build Order

Nina Protoss - Winner!

Build Orders: 1 Gate Expand, Oracle Opening 

Get SALT Encoding   

  12  0:01  Probe  
  13  0:13  Probe  
  14  0:19  Pylon  
  14  0:24  Probe  
  15  0:33  Probe  
  15  0:38  Gateway  
  15  0:41  Probe  
  17  0:51  Assimilator, Probe  
  18  1:04  Probe  
  19  1:16  Probe  
  20  1:23  Nexus  
  20  1:33  Cybernetics Core  
  20  1:37  Probe  
  21  1:44  Assimilator  
  21  1:49  Probe  
  21  1:53  Pylon  
  22  2:01  Adept, Probe  
  23  2:10  Probe  
  26  2:17  Stargate  
  26  2:18  Probe  
  27  2:28  Warp Gate, Probe  
  27  2:34  Adept  
  27  2:36  Probe  
  31  2:43  Gateway  
  31  2:45  Probe  
  31  2:47  Probe  
  33  2:53  Probe  
  34  2:59  Probe  
  34  3:00  Oracle  
  34  3:03  Probe  
  39  3:11  Probe, Pylon  
  40  3:15  Probe  
  41  3:23  Probe  
  42  3:27  Probe  
  43  3:35  Oracle, Probe  
  43  3:36  Pylon  
  43  3:37  Assimilator  
  43  3:39  Probe  
  48  3:47  Probe  
  49  3:51  Probe  
  50  3:59  Probe  
  51  4:03  Probe  
  52  4:12  Probe  
  52  4:13  Nexus  
  52  4:15  Probe  
  52  4:16  Oracle, Pylon  
  54  4:23  Adept  
  54  4:24  Adept, Probe  
  57  4:30  Robotics Facility  
  62  4:33  Assimilator  
  62  4:34  Probe  
  62  4:36  Pylon, Probe  
  64  4:41  Shield Battery  
  64  4:46  Probe  
  64  4:48  Probe  
  64  4:51  Sentry x2  
  70  4:58  Probe  
  71  5:00  Probe  
  72  5:11  Probe  
  73  5:19  Probe  
  73  5:20  Immortal  
  72  5:24  Phoenix  
  72  5:25  Zealot, Probe  
  72  5:26  Probe, Zealot  
  80  5:32  Probe  
  85  5:37  Probe  
  85  5:39  Probe  
  85  5:42  Assimilator  
  87  5:44  Probe  
  87  5:47  Assimilator  
  87  5:49  Pylon, Probe  
  87  5:51  Oracle  
  87  5:53  Probe  
  87  5:56  Probe, Pylon  
  87  5:57  Gateway x2  
  92  5:59  Observer  
  92  6:00  Gateway  
  92  6:04  Pylon  
  93  6:07  Probe  
  93  6:08  Shield Battery x2  
  94  6:16  Sentry x2  
  94  6:17  Twilight Council, Probe x2  
  94  6:18  Forge  
  100  6:20  Gateway  
  100  6:21  Gateway  
  100  6:22  Probe  
  100  6:23  Gateway  
  100  6:24  Immortal  
  101  6:32  Probe  
  106  6:33  Probe  
  106  6:36  Pylon  
  106  6:39  Sentry x2  
  111  6:48  Pylon  
  111  6:51  Pylon  
  111  6:53  Immortal  
  111  6:59  Stalker x3  
  113  7:10  Oracle  
  113  7:15  Stalker x4  
  121  7:23  Stalker x3  
  121  7:24  Zealot  
  108  7:30  Probe  
  108  7:32  Immortal, Probe  
  103  7:38  Stalker  
  103  7:43  Probe  
  102  7:47  Sentry x3  
  102  7:48  Probe  
  102  7:49  Protoss Ground Weapons Level 1  
  109  7:53  Probe  
  110  7:58  Gateway  
  110  7:59  Gateway  
  110  8:00  Charge  
  110  8:02  Zealot x4  
  118  8:16  Robotics Bay  
  118  8:19  Robotics Facility  
  118  8:20  Immortal  
  118  8:21  Zealot x3  
  118  8:22  Zealot  
  130  8:43  Nexus  
  130  8:46  Pylon  
  130  8:48  Pylon  
  130  8:49  Phoenix  
  132  8:57  Colossus  
  132  8:58  Colossus  
  132  8:59  Pylon  
  136  9:08  Extended Thermal Lance, Probe  
  136  9:09  Shield Battery  
  145  9:15  Phoenix  
  145  9:16  Probe  
  148  9:20  Photon Cannon  
  148  9:24  Photon Cannon  
  148  9:36  Sentry x4  
  156  9:40  Photon Cannon  
  156  9:41  Shield Battery  
  156  9:43  Colossus  
  156  9:44  Assimilator  
  156  9:48  Assimilator  
  156  9:57  Pylon  
  156  9:59  Probe x2  
  170  10:02  Gateway, Probe  
  171  10:08  Photon Cannon  
  171  10:09  Colossus  
  171  10:10  Photon Cannon, Stalker x2  
  171  10:12  Blink  
  175  10:20  Photon Cannon  
  175  10:24  Photon Cannon  
  175  10:28  Warp Prism  
  174  10:35  Protoss Ground Weapons Level 2  
  174  10:37  Templar Archives  
  174  10:40  Gateway  
  174  10:41  Photon Cannon  
  174  10:42  Zealot  
  178  10:55  Stalker  
  178  10:56  Stalker x3  
  186  10:57  Stalker  
  186  11:00  Gravitic Drive  
  188  11:12  Psionic Storm  
  188  11:14  Pylon x2  
  188  11:16  Pylon  
  164  11:34  Stalker x8  
  170  11:40  Stalker x3  
  174  11:50  Colossus x2  
  183  11:58  Stalker  
  183  11:59  Stalker x4  
  185  12:13  High Templar x2  
  185  12:22  Zealot x5  
  173  12:29  High Templar x2  
  159  12:37  Zealot x6  
  159  12:38  Zealot  
  159  12:40  Nexus  
  159  12:44  Warp Prism  
  173  12:45  Pylon  
  173  12:46  Pylon  
  173  12:49  High Templar  
  173  12:50  High Templar  
  177  13:08  Shield Battery, High Templar x2  
  177  13:10  High Templar x2  
  177  13:11  Shield Battery  
  177  13:12  Photon Cannon, Archon  
  185  13:14  Archon  
  185  13:15  Photon Cannon  
  185  13:16  Zealot x5  
  185  13:19  Photon Cannon  
  195  13:23  Photon Cannon  
  169  13:38  Archon x2  
  151  13:43  Stalker x4  
  151  13:44  Stalker x3  
  151  13:45  Zealot x4  
  141  14:06  Zealot x8  
  141  14:07  Zealot x3  
Tags
 
Add a new tag
Caveats
  • Supply blocks, unpowered buildings, or Contaminate may cause inaccurate times.
  • Supply counts are checked every 10 seconds.